 Dungeon Crawl Stone Soup version 0.31-a0-188-g5e087ee2ca (webtiles) character file.

Game seed: 18427730550881635108

97 qw the Shooter (level 4, 0/25 HPs)
             Began as a Deep Elf Hunter on June 23, 2023.
             Slain by a gnoll
             ... wielding a +0 spear
              (6 damage)
             ... on level 2 of the Dungeon.
             The game lasted 00:00:32 (1005 turns).

qw the Shooter (Deep Elf Hunter)                    Turns: 1005, Time: 00:00:32

Health: 0/25       AC:  8    Str: 10    XL:     4   Next: 42%
Magic:  6/6        EV: 11    Int: 14    God:
Gold:   62         SH:  0    Dex: 18    Spells: 3/3 levels left

rFire   . . .        Y - +0 shortbow
rCold   . . .        (shield currently unavailable)
rNeg    . . .        g - +0 ring mail
rPois   .            (no helmet)
rElec   .            (no cloak)
rCorr   .            h - +2 pair of gloves
SInv    .            (no boots)
Will    .....        (no amulet)
Stlth   +            (no ring)
HPRegen 0.24/turn    (no ring)
MPRegen 0.10/turn

%: no passive effects
@: no status effects
A: no striking features
a: no special abilities


You were on level 2 of the Dungeon.
You visited 1 branch of the dungeon, and saw 2 of its levels.

You collected 62 gold pieces.


   Skills:
 - Level 1.5 Fighting
 + Level 7.8 Ranged Weapons
 - Level 2.4 Dodging
 - Level 1.2 Stealth


You had 3 spell levels left.
You didn't know any spells.
Your spell library was empty.

Inventory:

Hand Weapons
 Y - a +0 shortbow (weapon)
Armour
 g - a +0 ring mail (worn)
 h - a +2 pair of gloves (worn)
Scrolls
 a - a scroll of immolation {unknown}
 b - a scroll of enchant weapon {unknown}
Potions
 c - 2 potions of lignification {unknown}
 d - a potion of might {unknown}
 f - a potion of curing {unknown}

Dungeon Overview and Level Annotations

Branches:
Dungeon (2/15)

Altars:


Message History

The gnoll shouts!
You shoot an arrow.
The arrow hits the quokka but does no damage.
You shoot an arrow. The arrow hits the quokka.
The quokka is severely wounded.
The quokka bites you but does no damage.
The gnoll closely misses you.
You shoot an arrow. The arrow hits the quokka.
You kill the quokka!
The gnoll closely misses you. The gnoll hits you with a +0 whip.
You shoot an arrow. The gnoll blocks the arrow.
The gnoll shouts!
The gnoll hits you from afar with a +0 spear.
The gnoll hits you with a +0 whip.
You shoot an arrow. The arrow hits the gnoll.
The gnoll is moderately wounded.
The gnoll closely misses you. The gnoll hits you but does no damage.
You shoot an arrow. The arrow hits the gnoll.
The gnoll is severely wounded.
The gnoll hits you from afar with a +0 spear.
The gnoll barely misses you. The gnoll hits you with a +0 flail. x2
The gnoll barely misses you. The gnoll hits you with a +0 whip.
You shoot an arrow. The gnoll blocks the arrow.
The gnoll closely misses you. The gnoll hits you but does no damage.
The gnoll barely misses you.
You shoot an arrow. The gnoll blocks the arrow.
The gnoll barely misses you. The gnoll hits you with a +0 flail.
You shoot an arrow. The arrow hits the gnoll.
You kill the gnoll!
The gnoll closely misses you. The gnoll barely misses you.
You shoot an arrow. The arrow hits the gnoll.
The gnoll is moderately wounded.
The gnoll misses you.
You shoot an arrow. The arrow hits the gnoll!
You kill the gnoll!
The gnoll barely misses you.
You shoot an arrow. The arrow closely misses the gnoll.
The gnoll hits you but does no damage.
The gnoll hits you from afar with a +0 spear.
You die...

.. ##..... .......
#.#####..##). ....%..
###.#.....###.# .......
.#.%..######..#
.........)..#)##
#....##
..<.......>.#.####.####
#....g..###.#......#
.##...)####.###.####
......g@....#...##
##########....#..#
#...###.# #......##.##
# ....##.#.....######
#### #.#####...%... #.#
#.###### #.. #.# #
###.###.######


You could see 2 gnolls.

Vanquished Creatures
  2 gnolls (D:2)
  2 adders (D:2)
  A worm (D:2)
  3 dart slugs
  6 ball pythons
  3 bats (D:1)
  2 endoplasms (D:1)
  7 goblins
  3 hobgoblins
  2 jackals (D:1)
  6 quokkas
  7 frilled lizards
  2 kobolds (D:2)
  4 rats
50 creatures vanquished.

Notes
Turn   | Place    | Note
-------+----------+-------------------------------------------
     0 | D:1      | qw the Deep Elf Hunter began the quest for the Orb.
     0 | D:1      | Reached XP level 1. HP: 12/12 MP: 3/3
     0 | D:1      | 0 ||| qw: Version: 0.3-a-9-g12657ce
     0 | D:1      | 0 ||| qw: Game counter: 4076
     0 | D:1      | 0 ||| qw: Always use a shield: true
     0 | D:1      | 0 ||| qw: God list: Okawaru
     0 | D:1      | 0 ||| qw: Allow faded altars: false
     0 | D:1      | 0 ||| qw: Do Orc after D:15 true
     0 | D:1      | 0 ||| qw: Do second Lair branch before Depths: true
     0 | D:1      | 0 ||| qw: Lair rune preference: random
     0 | D:1      | 0 ||| qw: Plans: Normal
     0 | D:1      | 0 ||| PLANNING D:1-11
    25 | D:1      | Found a faded altar of an unknown god.
   104 | D:1      | Reached skill level 6 in Ranged Weapons
   104 | D:1      | Reached XP level 2. HP: 16/16 MP: 4/4
   385 | D:1      | HP: 4/16 [quokka (4)]
   450 | D:1      | Reached XP level 3. HP: 20/20 MP: 5/5
   701 | D:1      | 701 ||| UPGRADING to +0 ring mail.
   711 | D:1      | 711 ||| DROPPING +0 leather armour.
   712 | D:1      | 712 ||| UPGRADING to +2 pair of gloves.
   717 | D:1      | 717 ||| READING scroll labelled CUNOD TISKIG.
   718 | D:1      | 718 ||| READING scroll labelled EPOKHA OMMY.
   719 | D:1      | 719 ||| DROPPING scroll of butterflies.
   866 | D:2      | Reached skill level 7 in Ranged Weapons
   935 | D:2      | Reached XP level 4. HP: 21/25 MP: 6/6
   938 | D:2      | 938 ||| FLEEEEING.
  1001 | D:2      | HP: 5/25 [gnoll/+0 flail (6)]
  1005 | D:2      | Slain by a gnoll

Levels and vault maps discovered:
D:1:      ncdulo_smallfort, layout_basic, basic_ecumenical_altar
D:2:      layout_rooms

Skill      XL: |  1  2  3 |
---------------+----------+-----
Ranged Weapons | 6 7 |  7.8
Fighting       | |  1.5
Dodging        | |  2.4
Stealth        | |  1.2

Action                     |  1- 3 |  4- 6 || total
---------------------------+-------+-------++-------
   Fire: Shortbow          |   121 |    21 ||   142
    Use: Scroll            |     2 |       ||     2
 Armour: Leather armour    |     6 |       ||     6
         Ring mail         |     5 |     7 ||    12
  Dodge: Dodged            |    15 |    13 ||    28

Table legend:
 A = Non-vault XP
 B = Vault XP
 C = Vault XP percentage of total XP
 D = Non-vault monster count
 E = Vault monster count
 F = Vault count percentage of total count
                 A         B        C        D         E       F
            +---------+---------+-------+---------+---------+-------
      Total |     139 |       0 |   0.0 |      50 |       0 |   0.0
            +---------+---------+-------+---------+---------+-------
        D:1 |      49 |       0 |   0.0 |      27 |       0 |   0.0
        D:2 |      90 |       0 |   0.0 |      23 |       0 |   0.0
            +---------+---------+-------+---------+---------+-------
